 Dungeon Crawl Stone Soup version 0.31-a0-319-g4fced400ed (console) character file.

Game seed: 5543533042578270425

5096 jejorda2 the Mimic (level 10, -3/79 HPs)
             Began as a Gnoll Shapeshifter on July 16, 2023.
             Was a Priest of Okawaru.
             Killed from afar by a deep elf pyromancer (18 damage)
             ... with a bolt of fire
             ... on level 10 of the Dungeon on July 17, 2023.
             The game lasted 00:29:45 (8210 turns).

jejorda2 the Mimic (Gnoll Shapeshifter)             Turns: 8210, Time: 00:29:46

Health: -3/79      AC: 15    Str: 21    XL:     10   Next: 57%
Magic:  0/18       EV: 11    Int:  5    God:    Okawaru [***...]
Gold:   490        SH:  0    Dex: 16    Spells: 20/20 levels left

rFire   . .          .
                       - Unarmed
rCold   . . .        (no shield)
rNeg    + . .        w - +5 chain mail "Rextutil" {rElec Str+3 Int-3 Dex+3}
rPois   .            (helmet currently unavailable)
rElec   +            a - melded +0 cloak {rPois}
rCorr   .            (gloves currently unavailable)
SInv    .            t - melded +0 pair of boots
Will    +....        n - amulet of guardian spirit Stlth
                     f - ring of positive energy
HPRegen 0.33/turn    j - ring of willpower
MPRegen 0.16/turn

%: guardian spirit
@: mighty, beast-form, attractive, hasted, very quick
A: beast (slay +5), fangs 1, strong nose, distributed training
a: Begin Untransformation, Renounce Religion, Heroism


You were on level 10 of the Dungeon.
You worshipped Okawaru.
Okawaru was most pleased with you.
You were a hulking beast.
You visited 2 branches of the dungeon, and saw 11 of its levels.
You also visited: Sewer.

You collected 560 gold pieces.
You spent 70 gold pieces at shops.

Inventory:

Hand Weapons
 b - the +9 sling "Hos Idic" {antimagic, rPois Int+6}
   (You found it on level 9 of the Dungeon)

   Int:       It affects your intelligence (+6).
   rPois:     It protects you from poison.
Armour
 a - a +0 cloak of poison resistance (melded)
 t - a +0 pair of boots (melded)
 u - a +2 chain mail of fire resistance
 w - the +5 chain mail "Rextutil" (worn) {rElec Str+3 Int-3 Dex+3}
   (You found it on level 5 of the Dungeon)

   Str:       It affects your strength (+3).
   Int:       It affects your intelligence (-3).
   Dex:       It affects your dexterity (+3).
   rElec:     It insulates you from electricity.
 x - a +1 helmet
Jewellery
 f - a ring of positive energy (left hand)
 j - a ring of willpower (right hand)
 n - an amulet of guardian spirit (around neck)
 v - a ring of wizardry
 A - an amulet of reflection
 F - a ring of see invisible
Talismans
 c - a beast talisman
 q - a maw talisman
 y - a talisman of death
Wands
 e - a wand of light (12)
 D - a wand of flame (14)
 E - a wand of mindburst (1)
 G - a wand of roots (1)
 H - a wand of paralysis (5)
Scrolls
 l - 2 scrolls of teleportation
 m - a scroll of vulnerability
 o - a scroll of poison
Potions
 d - 5 potions of mutation
 g - 11 potions of curing
 h - 2 potions of enlightenment
 k - a potion of haste
 r - 2 potions of brilliance
 s - 2 potions of cancellation
 C - 4 potions of lignification


   Skills:
 + Level 7.2 Fighting
 + Level 5.5 Short Blades
 + Level 5.5 Long Blades
 + Level 5.5 Axes
 + Level 5.5 Maces & Flails
 + Level 5.5 Polearms
 + Level 5.5 Staves
 + Level 5.5 Ranged Weapons
 + Level 5.5 Throwing
 + Level 5.5 Armour
 + Level 7.2 Dodging
 + Level 5.5 Stealth
 + Level 5.5 Shields
 + Level 7.2 Unarmed Combat
 + Level 5.5 Spellcasting
 + Level 4.5 Conjurations
 + Level 4.5 Hexes
 + Level 4.5 Summonings
 + Level 4.5 Necromancy
 + Level 4.5 Translocations
 + Level 4.5 Transmutations
 + Level 4.5 Fire Magic
 + Level 4.5 Ice Magic
 + Level 4.5 Air Magic
 + Level 4.5 Earth Magic
 + Level 4.5 Poison Magic
 + Level 6.0 Invocations
 + Level 5.5 Evocations
 + Level 8.0 Shapeshifting


You had 20 spell levels left.
You didn't know any spells.
Your spell library contained the following spells:

 Spells                   Type           Power      Damage    Failure   Level
 Ensorcelled Hibernation  Hex/Ice        10%        N/A       41%         2
 Dazzling Flash           Conj/Hex       10%        N/A       65%         3
 Volatile Blastmotes      Fire/Tloc      10%        2d10      65%         3
 Anguish                  Hex/Necr       2%         N/A       96%         4
 Starburst                Conj/Fire      2%         6d3       100%        6
 Maxwell's Capacitive Co  Air            2%         ∞         100%        8


Dungeon Overview and Level Annotations

Branches:
Dungeon (10/15)            Temple (1/1) D:4            Lair (0/5) D:10
  Sewer (visited)
    Orc: D:9-12

Altars:
Ashenzari
Dithmenos
Elyvilon
Fedhas
Gozag
Kikubaaqudgha
Makhleb
Nemelex Xobeh
Okawaru
Qazlal
Ru
Sif Muna
Trog
Uskayaw
Vehumet
Wu Jian
Xom
Yredelemnul
Zin
The Shining One

Shops:
D:3 (   D:4 !


Innate Abilities, Weirdness & Mutations

You are a hulking beast.
Your limbs bulge with bestial killing power. (Slay +5)
You have very sharp teeth.
Your uncanny sense of smell can sniff out nearby items.
Your experience applies equally to all skills.


Message History

The grasping roots constrict the wolf. x2
You hear a shout!
You hear a roar!
You hear a horrible gurgling sound! x2
You hear a shout!
You hear a horrible gurgling sound!
The wolf barely misses you.
Unknown command.
Aiming: Bolt of Light
Press: ? - help, Shift-Dir - straight line, f - deep elf pyromancer, p - yak
Aim: a deep elf pyromancer, wielding a +0 long sword and wearing a +0 leather armour (translocational energy, 64% to hit)
The bolt of light hits the wolf!!
You kill the wolf!
Okawaru accepts your kill.
The bolt of light hits the wolf!
You kill the wolf!
Okawaru accepts your kill.
The bolt of light hits the yak!
The yak is heavily wounded.
The yak is blinded.
The bolt of light misses the deep elf pyromancer.
The yak is attracted toward you. The wraith is attracted toward you.
The deep elf pyromancer is attracted toward you.
Your Invocations skill increases to level 6!
Aiming: Bolt of Light
Press: ? - help, Shift-Dir - straight line, f/p - deep elf pyromancer
Aim: a deep elf pyromancer, wielding a +0 long sword and wearing a +0 leather armour (translocational energy, 64% to hit)
The bolt of light hits the yak!
The yak is almost dead.
The bolt of light hits the wraith!!
You destroy the wraith!
Okawaru accepts your kill.
The bolt of light hits the deep elf pyromancer!!
The deep elf pyromancer is heavily wounded.
The deep elf pyromancer is blinded.
The deep elf pyromancer is attracted toward you.
Unknown command.
You punch the yak!
You kill the yak!
Okawaru accepts your kill.
The deep elf pyromancer points at you and mumbles some strange words.
The bolt of fire hits you!!
You die...

##########
#.....>..#
#......>.#
#....<..g#
.#########........#
.......h)eYe......#
.#########YY§....Y#
#...§....#
..........#
#.#........#
#.#####Q#### ..# ..


You could see a deep elf pyromancer (blind) and 3 yaks.

Vanquished Creatures
  A two-headed ogre (D:9)
  A tengu warrior (D:10)
  Maggie (D:6)
  A hornet (D:9)
  Eustachio (D:6)
  A wraith (D:10)
  A yak (D:10)
  Grum (D:10)
  A steam dragon (D:9)
  3 water moccasins
  Pargi (Sewer)
  3 orc warriors
  A sky beast (D:7)
  An ogre (D:4)
  3 wolves (D:10)
  A centaur (D:9)
  2 kobold brigands
  4 bullfrogs
  3 scorpions
  4 wights (D:8)
  A howler monkey (D:5)
  2 jellies
  4 orc priests
  Crazy Yiuf (D:3)
  2 hounds (D:6)
  7 iguanas
  Terence (D:3)
  Natasha (thrice) (D:3)
  4 orc wizards (D:9)
  12 adders
  2 white imps
  2 ufetubi (D:5)
  2 worms
  3 dart slugs (D:1)
  37 orcs
  4 endoplasms
  5 giant cockroaches
  7 hobgoblins
  7 jackals
  17 kobolds
  2 quokkas (D:4)
  7 ball pythons
  4 bats
  8 frilled lizards
  10 goblins
  5 rats
194 creatures vanquished.

Notes
Turn   | Place    | Note
-------+----------+-------------------------------------------
     0 | D:1      | jejorda2 the Gnoll Shapeshifter began the quest for the
                  | Orb.
     0 | D:1      | Reached XP level 1. HP: 20/20 MP: 1/1
     4 | D:1      | Upgraded the game from 0.31-a0-303-gdc8c9485ea to
                  | 0.31-a0-319-g4fced400ed
   236 | D:1      | Reached XP level 2. HP: 26/26 MP: 2/2
   418 | D:1      | Reached XP level 3. HP: 31/31 MP: 3/3
   658 | D:1      | Reached skill level 1 in Invocations
   904 | D:2      | Found a glowing silver altar of Zin.
   912 | D:2      | Found a faded altar of an unknown god.
  1046 | D:2      | Reached skill level 1 in Short Blades
  1046 | D:2      | Reached skill level 1 in Long Blades
  1046 | D:2      | Reached skill level 1 in Axes
  1046 | D:2      | Reached skill level 1 in Maces & Flails
  1046 | D:2      | Reached skill level 1 in Polearms
  1046 | D:2      | Reached skill level 1 in Staves
  1046 | D:2      | Reached skill level 1 in Ranged Weapons
  1046 | D:2      | Reached skill level 1 in Throwing
  1046 | D:2      | Reached skill level 1 in Armour
  1046 | D:2      | Reached skill level 1 in Stealth
  1046 | D:2      | Reached skill level 1 in Shields
  1046 | D:2      | Reached skill level 1 in Spellcasting
  1046 | D:2      | Reached skill level 1 in Evocations
  1063 | D:2      | Reached XP level 4. HP: 38/38 MP: 5/5
  1655 | D:3      | Reached skill level 1 in Conjurations
  1655 | D:3      | Reached skill level 1 in Hexes
  1655 | D:3      | Reached skill level 1 in Summonings
  1655 | D:3      | Reached skill level 1 in Necromancy
  1655 | D:3      | Reached skill level 1 in Translocations
  1655 | D:3      | Reached skill level 1 in Transmutations
  1655 | D:3      | Reached skill level 1 in Fire Magic
  1655 | D:3      | Reached skill level 1 in Ice Magic
  1655 | D:3      | Reached skill level 1 in Air Magic
  1655 | D:3      | Reached skill level 1 in Earth Magic
  1655 | D:3      | Reached skill level 1 in Poison Magic
  1694 | D:3      | Found Kuroal's Weapon Shop.
  1709 | D:3      | Noticed Natasha
  1716 | D:3      | Killed Natasha
  1720 | D:3      | Reached XP level 5. HP: 25/43 MP: 6/6
  2068 | D:3      | Noticed Natasha
  2069 | D:3      | Noticed Terence
  2078 | D:3      | Killed Natasha
  2096 | D:3      | Killed Terence
  2446 | D:3      | Noticed Natasha
  2452 | D:3      | Killed Natasha
  2630 | D:3      | Found a runed translucent door.
  2631 | D:3      | Noticed Crazy Yiuf
  2642 | D:3      | Killed Crazy Yiuf
  2643 | D:3      | Reached XP level 6. HP: 26/50 MP: 8/8
  2816 | D:4      | Found Nuetuh's Distillery.
  2826 | D:4      | Bought a potion of berserk rage for 70 gold pieces
  2963 | D:4      | Found a glowing drain.
  2968 | Sewer    | Entered a sewer
  2987 | Sewer    | Noticed Pargi
  2995 | Sewer    | Killed Pargi
  2996 | Sewer    | Reached skill level 5 in Fighting
  2996 | Sewer    | Reached skill level 5 in Dodging
  2996 | Sewer    | Reached skill level 5 in Unarmed Combat
  3132 | D:4      | Reached XP level 7. HP: 56/56 MP: 8/10
  3174 | D:4      | Identified the +1 robe "Nucus" {Int+3 SInv}
  3247 | D:4      | Found a staircase to the Ecumenical Temple.
  3408 | D:4      | Found an ancient bone altar of Kikubaaqudgha.
  3951 | D:5      | Entered Level 5 of the Dungeon
  4049 | D:5      | Found a hide-covered altar of Uskayaw.
  4080 | Temple   | Entered the Ecumenical Temple
  4094 | Temple   | Became a worshipper of Warmaster Okawaru
  4246 | D:5      | Reached skill level 7 in Shapeshifting
  4362 | D:5      | Reached XP level 8. HP: 63/63 MP: 12/12
  4379 | D:5      | Identified the +5 chain mail "Rextutil" {rElec Str+3 Int-3
                  | Dex+3}
  4823 | D:6      | Noticed Eustachio
  4833 | D:6      | Killed Eustachio
  4928 | D:6      | Found a sparkling altar of Nemelex Xobeh.
  4931 | D:6      | Found an ornate altar of the Wu Jian Council.
  4934 | D:6      | Found a radiant altar of Vehumet.
  4937 | D:6      | Found a glowing golden altar of the Shining One.
  5240 | D:6      | Found a broken altar of Ashenzari.
  5289 | D:6      | Noticed Maggie
  5299 | D:6      | Killed Maggie
  5299 | D:6      | Reached * piety under Okawaru
  5550 | D:6      | Reached XP level 9. HP: 68/69 MP: 14/14
  6017 | D:7      | Reached ** piety under Okawaru
  6921 | D:8      | Found a basalt altar of Yredelemnul.
  6921 | D:8      | Found a stormy altar of Qazlal.
  6953 | D:8      | Found a burning altar of Makhleb.
  7234 | D:8      | Reached skill level 5 in Invocations
  7594 | D:9      | Noticed a two-headed ogre
  7604 | D:9      | Killed a two-headed ogre
  7605 | D:9      | Reached skill level 5 in Short Blades
  7605 | D:9      | Reached skill level 5 in Long Blades
  7605 | D:9      | Reached skill level 5 in Axes
  7605 | D:9      | Reached skill level 5 in Maces & Flails
  7605 | D:9      | Reached skill level 5 in Polearms
  7605 | D:9      | Reached skill level 5 in Staves
  7605 | D:9      | Reached skill level 5 in Ranged Weapons
  7605 | D:9      | Reached skill level 5 in Throwing
  7605 | D:9      | Reached skill level 5 in Armour
  7605 | D:9      | Reached skill level 5 in Stealth
  7605 | D:9      | Reached skill level 5 in Shields
  7605 | D:9      | Reached skill level 5 in Spellcasting
  7605 | D:9      | Reached skill level 5 in Evocations
  7605 | D:9      | Reached XP level 10. HP: 37/77 MP: 8/17
  7734 | D:9      | Identified the +9 sling "Hos Idic" {antimagic, rPois Int+6}
  8173 | D:10     | Entered Level 10 of the Dungeon
  8173 | D:10     | Noticed Grum
  8173 | D:10     | Found a staircase to the Lair.
  8179 | D:10     | HP: 2/79 [wolf[Grum] (3)]
  8188 | D:10     | HP: 1/79 [wraith (4)]
  8189 | D:10     | Noticed a tengu warrior
  8201 | D:10     | Killed a tengu warrior
  8201 | D:10     | Reached *** piety under Okawaru
  8202 | D:10     | Reached skill level 8 in Shapeshifting
  8203 | D:10     | Killed Grum
  8205 | D:10     | Noticed a deep elf pyromancer
  8210 | D:10     | Killed from afar by a deep elf pyromancer

Illustrated notes

Levels and vault maps discovered:
D:1:      dpeg_arrival_three_smaller_balls, layout_basic, nrook_uturn,
          minmay_tromino_i4
D:2:      layout_basic, basic_altar, nicolae_ecumenical_oubliette,
          nicolae_half_adder
D:3:      layout_loops_ring, serial_shops, nicolae_square_shop,
          hangedman_decor_growths, serial_bayou_pond_e, uniq_crazy_yiuf_cottage,
          uniq_natasha, uniq_terence
D:4:      layout_basic, kiku_gazebo_garden_becter, minmay_temple_entry_slanted,
          gup_sewer_entry_bowl, serial_shops, shop, minmay_between
D:5:      layout_loops_cross, overflow_temple_1_default
D:6:      kb_forest_paths, layout_rooms, grunt_temple_overflow_cloverleaf,
          evilmike_ruin_ashenzari, minivault_22, minmay_misc_feat_hallway,
          uniq_eustachio, uniq_maggie
D:7:      layout_gridville
D:8:      layout_basic, bloody_makhleb, gammafunk_temple_overflow_elements
D:9:      layout_cave_pools, nicolae_hepliaklqana_monster_ancestors
D:10:     hangedman_cross_veins, layout_rooms, cheibriados_altar_1,
          minivault_14, fountainhead, minivault_28, uniq_sonja, uniq_grum
Temple:   nicolae_temple_ecumenical_triangle

Skill      XL: |  1  2  3  4  5  6  7  8  9 10 |
---------------+-------------------------------+-----
Invocations    | 1 2 3 4 5 6 |  6.0
Short Blades   | 1 2 3 5 |  5.5
Long Blades    | 1 2 3 5 |  5.5
Axes           | 1 2 3 5 |  5.5
Maces & Flails | 1 2 3 5 |  5.5
Polearms       | 1 2 3 5 |  5.5
Staves         | 1 2 3 5 |  5.5
Ranged Weapons | 1 2 3 5 |  5.5
Throwing       | 1 2 3 5 |  5.5
Armour         | 1 2 3 5 |  5.5
Stealth        | 1 2 3 5 |  5.5
Shields        | 1 2 3 5 |  5.5
Spellcasting   | 1 2 3 5 |  5.5
Evocations     | 1 2 3 5 |  5.5
Conjurations   | 1 2 3 4 |  4.5
Hexes          | 1 2 3 4 |  4.5
Summonings     | 1 2 3 4 |  4.5
Necromancy     | 1 2 3 4 |  4.5
Translocations | 1 2 3 4 |  4.5
Transmutations | 1 2 3 4 |  4.5
Fire Magic     | 1 2 3 4 |  4.5
Ice Magic      | 1 2 3 4 |  4.5
Air Magic      | 1 2 3 4 |  4.5
Earth Magic    | 1 2 3 4 |  4.5
Poison Magic   | 1 2 3 4 |  4.5
Fighting       | 5 6 7 |  7.2
Dodging        | 5 6 7 |  7.2
Unarmed Combat | 5 6 7 |  7.2
Shapeshifting  | 7 8 |  8.0

Action                     |  1- 3 |  4- 6 |  7- 9 | 10-12 || total
---------------------------+-------+-------+-------+-------++-------
  Melee: Unarmed           |    75 |   261 |   252 |    62 ||   650
         Bite              |     6 |    45 |    27 |     6 ||    84
         Punch             |     1 |    15 |     7 |     3 ||    26
   Fire: Sling             |       |       |       |    13 ||    13
 Invoke: Heroism           |       |       |     2 |     2 ||     4
  Evoke: Wand              |       |       |       |     4 ||     4
    Use: Scroll            |       |    10 |    10 |     2 ||    22
         Potion            |       |     1 |     1 |     7 ||     9
 Armour: Animal skin       |     3 |       |       |       ||     3
         Chain mail        |    21 |    52 |    85 |    58 ||   216
  Dodge: Dodged            |    28 |    57 |    93 |    91 ||   269
   Form: Maw               |       |     1 |     1 |       ||     2
                           |       |     1 |       |       ||     1
         Beast             |       |     1 |     1 |       ||     2
         Death             |       |       |     1 |       ||     1

Table legend: (Time is in decaauts)
 A = Elapsed time spent in this place.
 B = Non-inter-level travel time spent in this place.
 C = Inter-level travel time spent in this place.
 D = Time resting spent in this place.
 E = Time spent auto-exploring this place.
 F = Levels seen in this place.
 G = Mean time per level.
                   A        B        C        D        E       F      G
               +--------+--------+--------+--------+--------+-----+--------+
         Total |   8186 |   7568 |    618 |     79 |   5931 |  12 |  682.2 |
       Dungeon |   8052 |   7444 |    608 |     47 |   5915 |  10 |  805.2 |
        Temple |     19 |     10 |      9 |      0 |      0 |   1 |   19.0 |
         Sewer |    113 |    113 |      0 |     32 |     15 |   1 |  113.0 |
               +--------+--------+--------+--------+--------+-----+--------+

Top non-repeatable levels by time:
     D:3: 1194 daAuts
     D:6: 1129 daAuts
     D:8: 991 daAuts
     D:1: 946 daAuts
     D:4: 889 daAuts
     D:5: 838 daAuts
     D:2: 835 daAuts
     D:7: 732 daAuts
     D:9: 459 daAuts
   Sewer: 113 daAuts
    D:10: 35 daAuts
  Temple: 19 daAuts
